| TOP OF THE 1ST |
|
Columbus Jets batting - Pitching for Buffalo Bisons : RHP Jeff Reardon
|
|
Pitching: RHP Jeff Reardon
|
|
|
Batting: RHB Greg Schultz
|
0-0: Ball 1-0: Called Strike 1-1: Bunted foul 1-2: SINGLE (Line Drive, 8LS, EV 98.8 MPH)
|
|
Batting: RHB Jim Maler
|
0-0: Ball 1-0: Foul Ball, location: 2F 1-1: Called Strike 1-2: Ball Greg Schultz is caught stealing 2nd base 2-4 2-2: Foul Ball, location: 2F 2-2: Ball 3-2: Strikes out swinging
|
|
Batting: RHB Danny Tartabull
|
0-0: Ball 1-0: Foul Ball, location: 2F 1-1: Foul Ball, location: 2F 1-2: Ball 2-2: Foul Ball, location: 2F 2-2: Ball 3-2: Strikes out swinging, 2-3 out at first.
|
| Top of the 1st over - 0 runs, 1 hit, 0 errors, 0 left on base; Columbus 0 - Buffalo 0 |
| BOTTOM OF THE 1ST |
|
Buffalo Bisons batting - Pitching for Columbus Jets : RHP Darryl Banks
|
|
Pitching: RHP Darryl Banks
|
|
|
Batting: RHB Juan Villa
|
0-0: Ball 1-0: Called Strike 1-1: Foul Ball, location: 2F 1-2: Foul Ball, location: 2F 1-2: Ball 2-2: Foul Ball, location: 2F 2-2: Foul Ball, location: 2F 2-2: Ball 3-2: Ground out 6-3 (Groundball, 6M, EV 108.8 MPH)
|
|
Batting: LHB Phillip Baskerville
|
0-0: Ball 1-0: Ball 2-0: SINGLE (Popup, 25, EV 85.0 MPH)
|
|
Batting: SHB George D Wright
|
0-0: Called Strike 0-1: Ball 1-1: Ball 2-1: Fly out, F8 (Flyball, 8LS, EV 87.5 MPH)
|
|
Batting: LHB Gary Rajsich
|
0-0: Called Strike 0-1: Foul Ball, location: 2F 0-2: Ball 1-2: Ball 2-2: Strikes out swinging
|
| Bottom of the 1st over - 0 runs, 1 hit, 0 errors, 1 left on base; Columbus 0 - Buffalo 0 |
| TOP OF THE 2ND |
|
Columbus Jets batting - Pitching for Buffalo Bisons : RHP Jeff Reardon
|
|
Batting: LHB Larry Sheets
|
0-0: Fly out, F4 (Popup, 3D, EV 73.1 MPH)
|
|
Batting: RHB Jackie Gutierrez
|
0-0: Foul Ball, location: 2F 0-1: Ball 1-1: Swinging Strike 1-2: Ball 2-2: Ball 3-2: Ground out 5-3 (Groundball, 56, EV 83.8 MPH)
|
|
Batting: LHB Paul Hollins
|
0-0: Ball 1-0: Ball 2-0: Ball 3-0: Base on Balls
|
|
Batting: RHB Michael Ventress
|
0-0: Ball 1-0: Ball 2-0: Foul Ball, location: 2F 2-1: SINGLE (Flyball, 5D, EV 97.5 MPH) Paul Hollins to second
|
|
Batting: RHB Glenn Goya
|
0-0: Ball 1-0: Called Strike 1-1: Foul Ball, location: 2F 1-2: Ball 2-2: Fielders Choice at 2nd, 6-4 (Groundball, 6, EV 103.1 MPH)
|
| Top of the 2nd over - 0 runs, 1 hit, 0 errors, 2 left on base; Columbus 0 - Buffalo 0 |
| BOTTOM OF THE 2ND |
|
Buffalo Bisons batting - Pitching for Columbus Jets : RHP Darryl Banks
|
|
Batting: RHB Bill Bathe
|
0-0: Ball 1-0: Ball 2-0: Called Strike 2-1: SINGLE (Groundball, 6MD, EV 94.4 MPH)
|
|
Batting: RHB John Seefried
|
0-0: Foul Ball, location: 2F 0-1: Hit by Pitch Bill Bathe to second
|
|
Batting: LHB Bob Skube
|
0-0: Fly out, F7 (Line Drive, 7, EV 90.6 MPH)
|
|
Batting: RHB Pat Keedy
|
0-0: Ball 1-0: Fly out, F9 (Flyball, 9S, EV 81.3 MPH)
|
|
Batting: RHB Nicholas Kintz
|
0-0: Called Strike 0-1: Foul Ball, location: 2F 0-2: Foul Ball, location: 2F 0-2: Ball 1-2: Ball 2-2: Foul Ball, location: 2F 2-2: Ball 3-2: SINGLE (Groundball, 4D, EV 105.0 MPH) Bill Bathe to third John Seefried to second Bill Bathe scores John Seefried to third
|
|
Batting: RHB Juan Villa
|
0-0: Ball 1-0: Called Strike 1-1: Foul Ball, location: 2F 1-2: Ground out U3 (Groundball, 3, EV 105.6 MPH)
|
| Bottom of the 2nd over - 1 run, 2 hits, 0 errors, 2 left on base; Columbus 0 - Buffalo 1 |
| TOP OF THE 3RD |
|
Columbus Jets batting - Pitching for Buffalo Bisons : RHP Jeff Reardon
|
|
Batting: RHB Ray Smith
|
0-0: Ball 1-0: Ground out 6-3 (Groundball, 56, EV 98.1 MPH)
|
|
Batting: RHB Greg Schultz
|
0-0: Ball 1-0: Called Strike 1-1: DOUBLE (Flyball, 78D, EV 110.0 MPH)
|
|
Batting: RHB Jim Maler
|
0-0: Fly out, F7 (Line Drive, 7, EV 87.5 MPH)
|
|
Batting: RHB Danny Tartabull
|
0-0: Called Strike 0-1: SINGLE (Line Drive, 9S, EV 105.6 MPH) Greg Schultz to third Runner from 3rd tries for Home, throw by RF and OUT! 9-2
|
| Top of the 3rd over - 0 runs, 2 hits, 0 errors, 1 left on base; Columbus 0 - Buffalo 1 |
| BOTTOM OF THE 3RD |
|
Buffalo Bisons batting - Pitching for Columbus Jets : RHP Darryl Banks
|
|
Batting: LHB Phillip Baskerville
|
0-0: Called Strike 0-1: Ball 1-1: Foul Ball, location: 2F 1-2: SINGLE (Groundball, 34D, EV 103.8 MPH)
|
|
Batting: SHB George D Wright
|
0-0: Fielders Choice at 2nd, 6-4 (Groundball, 56, EV 86.9 MPH)
|
|
Batting: LHB Gary Rajsich
|
0-0: Ball 1-0: Foul Ball, location: 2F 1-1: Foul Ball, location: 2F 1-2: Strikes out swinging
|
|
Batting: RHB Bill Bathe
|
0-0: Ball 1-0: Called Strike 1-1: Called Strike 1-2: Ball George D Wright steals 2nd base 2-2: Ground out 6-3 (Groundball, 6, EV 82.5 MPH)
|
| Bottom of the 3rd over - 0 runs, 1 hit, 0 errors, 1 left on base; Columbus 0 - Buffalo 1 |
| TOP OF THE 4TH |
|
Columbus Jets batting - Pitching for Buffalo Bisons : RHP Jeff Reardon
|
|
Batting: LHB Larry Sheets
|
0-0: Ball 1-0: Ball 2-0: Ground out 4-3 (Groundball, 4, EV 83.1 MPH)
|
|
Batting: RHB Jackie Gutierrez
|
0-0: Called Strike 0-1: Ball 1-1: Ball 2-1: Ground out U3 (Groundball, 3, EV 81.9 MPH)
|
|
Batting: LHB Paul Hollins
|
0-0: Foul Ball, location: 2F 0-1: Ball 1-1: Fly out, F8 (Flyball, 8RXD, EV 96.3 MPH)
|
| Top of the 4th over - 0 runs, 0 hits, 0 errors, 0 left on base; Columbus 0 - Buffalo 1 |
| BOTTOM OF THE 4TH |
|
Buffalo Bisons batting - Pitching for Columbus Jets : RHP Darryl Banks
|
|
Batting: RHB John Seefried
|
0-0: Called Strike 0-1: Called Strike 0-2: Ground out 6-3 (Groundball, 6, EV 85.6 MPH)
|
|
Batting: LHB Bob Skube
|
0-0: Reached on error, E5 (Line Drive, 5, EV 70.6 MPH)
|
|
Batting: RHB Pat Keedy
|
0-0: Foul Ball, location: 2F 0-1: Ball 1-1: Called Strike 1-2: Strikes out looking
|
|
Batting: RHB Nicholas Kintz
|
0-0: Foul Ball, location: 2F 0-1: Ball 1-1: Called Strike 1-2: Ball 2-2: Ball 3-2: Base on Balls Bob Skube to second
|
|
Batting: RHB Juan Villa
|
0-0: Called Strike 0-1: Ball 1-1: Ball 2-1: Foul Ball, location: 2F 2-2: Foul Ball, location: 2F 2-2: SINGLE (Line Drive, 7LM, EV 96.3 MPH) Bob Skube to third Nicholas Kintz to second Runner from 3rd tries for Home, SAFE, throw by LF to home
|
|
Batting: LHB Phillip Baskerville
|
0-0: Ball 1-0: SINGLE (Line Drive, 7S, EV 105.0 MPH) Nicholas Kintz to third Juan Villa to second Runner from 3rd tries for Home, SAFE, throw by LF to home
|
|
Batting: SHB George D Wright
|
0-0: Ball 1-0: Foul Ball, location: 2F 1-1: Foul Ball, location: 2F 1-2: SINGLE (Line Drive, 78S, EV 101.3 MPH) Juan Villa to third Phillip Baskerville to second Runner from 3rd tries for Home, SAFE, throw by LF to home
|
|
Batting: LHB Gary Rajsich
|
0-0: Ball 1-0: Ball 2-0: TRIPLE (Line Drive, 89XD, EV 103.1 MPH) Phillip Baskerville scores George D Wright scores
|
|
Batting: RHB Bill Bathe
|
0-0: Ball 1-0: Called Strike 1-1: Called Strike 1-2: Ball 2-2: Foul Ball, location: 2F 2-2: Fly out, F6 (Line Drive, 6, EV 65.0 MPH)
|
| Bottom of the 4th over - 5 runs, 4 hits, 1 error, 1 left on base; Columbus 0 - Buffalo 6 |
| TOP OF THE 5TH |
|
Columbus Jets batting - Pitching for Buffalo Bisons : RHP Jeff Reardon
|
|
Batting: RHB Michael Ventress
|
0-0: Ball 1-0: Ball 2-0: Ball 3-0: Called Strike 3-1: Foul Ball, location: 2F 3-2: Ground out 6-3 (Groundball, 6, EV 85.0 MPH)
|
|
Batting: RHB Glenn Goya
|
0-0: Called Strike 0-1: Ball 1-1: Ball 2-1: Ground out 4-3 (Groundball, 4, EV 88.8 MPH)
|
|
Batting: RHB Ray Smith
|
0-0: Called Strike 0-1: Hit by Pitch
|
|
Batting: RHB Greg Schultz
|
0-0: Called Strike 0-1: SINGLE (Groundball, 56D, EV 97.5 MPH) Ray Smith to second
|
|
Batting: RHB Jim Maler
|
0-0: Ball 1-0: Ball 2-0: Foul Ball, location: 2F 2-1: SINGLE (Groundball, 6MD, EV 95.6 MPH) Ray Smith to third Greg Schultz to second Runner from 3rd tries for Home, SAFE, throw by CF to home
|
|
Batting: RHB Danny Tartabull
|
0-0: Swinging Strike 0-1: Fly out, F7 (Flyball, 7, EV 77.5 MPH)
|
| Top of the 5th over - 1 run, 2 hits, 0 errors, 2 left on base; Columbus 1 - Buffalo 6 |
| BOTTOM OF THE 5TH |
|
Buffalo Bisons batting - Pitching for Columbus Jets : RHP Darryl Banks
|
|
Pitching: RHP Jose Alonso
|
|
|
Batting: RHB John Seefried
|
0-0: Ball 1-0: Foul Ball, location: 2F 1-1: Foul Ball, location: 2F 1-2: Ground out 6-3 (Groundball, 6MS, EV 86.3 MPH)
|
|
Batting: LHB Bob Skube
|
0-0: Fly out, F8 (Flyball, 8LM, EV 85.0 MPH)
|
|
Batting: RHB Pat Keedy
|
0-0: Ball 1-0: Called Strike 1-1: Swinging Strike 1-2: Strikes out looking
|
| Bottom of the 5th over - 0 runs, 0 hits, 0 errors, 0 left on base; Columbus 1 - Buffalo 6 |
| TOP OF THE 6TH |
|
Columbus Jets batting - Pitching for Buffalo Bisons : RHP Jeff Reardon
|
|
Batting: LHB Larry Sheets
|
0-0: Ball 1-0: Ball 2-0: Ground out 6-3 (Groundball, 56, EV 106.9 MPH)
|
|
Batting: RHB Jackie Gutierrez
|
0-0: Ground out 3-1 (Groundball, 34, EV 104.4 MPH)
|
|
Batting: LHB Paul Hollins
|
0-0: Ball 1-0: Foul Ball, location: 2F 1-1: Called Strike 1-2: Foul Ball, location: 2F 1-2: SINGLE (Groundball, 34D, EV 95.0 MPH)
|
|
Batting: RHB Michael Ventress
|
0-0: Swinging Strike 0-1: Swinging Strike 0-2: Strikes out swinging
|
| Top of the 6th over - 0 runs, 1 hit, 0 errors, 1 left on base; Columbus 1 - Buffalo 6 |
| BOTTOM OF THE 6TH |
|
Buffalo Bisons batting - Pitching for Columbus Jets : RHP Jose Alonso
|
|
Batting: RHB Nicholas Kintz
|
0-0: Ball 1-0: Called Strike 1-1: Swinging Strike 1-2: Strikes out swinging
|
|
Batting: RHB Juan Villa
|
0-0: Foul Ball, location: 2F 0-1: Swinging Strike 0-2: Ball 1-2: Strikes out swinging
|
|
Batting: LHB Phillip Baskerville
|
0-0: Ball 1-0: Ball 2-0: Fly out, F8 (Line Drive, 8RD, EV 98.8 MPH)
|
| Bottom of the 6th over - 0 runs, 0 hits, 0 errors, 0 left on base; Columbus 1 - Buffalo 6 |
| TOP OF THE 7TH |
|
Columbus Jets batting - Pitching for Buffalo Bisons : RHP Jeff Reardon
|
|
Batting: RHB Glenn Goya
|
0-0: Swinging Strike 0-1: Ball 1-1: Swinging Strike 1-2: Ground out 4-3 (Groundball, 4, EV 90.6 MPH)
|
|
Batting: RHB Ray Smith
|
0-0: Called Strike 0-1: SOLO HOME RUN (Line Drive, 9D, EV 101.3 MPH), Distance : 385 ft
|
|
Batting: RHB Greg Schultz
|
0-0: Called Strike 0-1: Ball 1-1: Fly out, F8 (Flyball, 8RD, EV 104.4 MPH)
|
|
Batting: RHB Jim Maler
|
0-0: Fly out, F7 (Flyball, 78M, EV 73.1 MPH)
|
| Top of the 7th over - 1 run, 1 hit, 0 errors, 0 left on base; Columbus 2 - Buffalo 6 |
| BOTTOM OF THE 7TH |
|
Buffalo Bisons batting - Pitching for Columbus Jets : RHP Jose Alonso
|
|
Batting: SHB George D Wright
|
0-0: Swinging Strike 0-1: Ball 1-1: Foul Ball, location: 2F 1-2: Strikes out looking
|
|
Batting: LHB Gary Rajsich
|
0-0: Ball 1-0: Called Strike 1-1: Swinging Strike 1-2: Ball 2-2: Ball 3-2: Strikes out swinging
|
|
Batting: RHB Bill Bathe
|
0-0: Swinging Strike 0-1: Foul Ball, location: 2F 0-2: Ball 1-2: Ball 2-2: Foul Ball, location: 2F 2-2: Strikes out swinging
|
| Bottom of the 7th over - 0 runs, 0 hits, 0 errors, 0 left on base; Columbus 2 - Buffalo 6 |
| TOP OF THE 8TH |
|
Columbus Jets batting - Pitching for Buffalo Bisons : RHP Jeff Reardon
|
|
Batting: RHB Danny Tartabull
|
0-0: Swinging Strike 0-1: Fly out, F6 (Popup, 56, EV 71.9 MPH)
|
|
Batting: LHB Larry Sheets
|
0-0: Ball 1-0: Foul Ball, location: 2F 1-1: Foul Ball, location: 2F 1-2: Ball 2-2: Foul Ball, location: 2F 2-2: Ground out 4-3 (Groundball, 4, EV 81.9 MPH)
|
|
Batting: RHB Jackie Gutierrez
|
0-0: Called Strike 0-1: Ground out 4-3 (Groundball, 4, EV 99.4 MPH)
|
| Top of the 8th over - 0 runs, 0 hits, 0 errors, 0 left on base; Columbus 2 - Buffalo 6 |
| BOTTOM OF THE 8TH |
|
Buffalo Bisons batting - Pitching for Columbus Jets : RHP Jose Alonso
|
|
Batting: RHB John Seefried
|
0-0: Ball 1-0: Called Strike 1-1: Ball 2-1: TRIPLE (Line Drive, 8RXD, EV 96.9 MPH)
|
|
Batting: LHB Bob Skube
|
0-0: Ball 1-0: Ball 2-0: Foul Ball, location: 2F 2-1: Foul Ball, location: 2F 2-2: Strikes out swinging
|
|
Batting: RHB Pat Keedy
|
0-0: Intentional Walk
|
|
Pitching: RHP John Maxson
|
|
|
Batting: RHB Nicholas Kintz
|
0-0: Ball 1-0: Swinging Strike 1-1: Called Strike 1-2: Ball 2-2: Foul Ball, location: 2F 2-2: SINGLE (Groundball, 6D, EV 104.4 MPH) John Seefried scores Pat Keedy to second
|
|
Batting: RHB Juan Villa
|
0-0: Ball 1-0: Swinging Strike 1-1: Ball 2-1: Ball 3-1: Fielders Choice at 2nd, 6-4 (Groundball, 6, EV 99.4 MPH) Pat Keedy to third
|
|
Batting: LHB Phillip Baskerville
|
0-0: Ball 1-0: Called Strike Juan Villa steals 2nd base (no throw) 1-1: Ball 2-1: Foul Ball, location: 2F 2-2: Strikes out swinging
|
| Bottom of the 8th over - 1 run, 2 hits, 0 errors, 2 left on base; Columbus 2 - Buffalo 7 |
| TOP OF THE 9TH |
|
Columbus Jets batting - Pitching for Buffalo Bisons : RHP Jeff Reardon
|
|
Batting: LHB Paul Hollins
|
0-0: Ground out 6-3 (Groundball, 56, EV 110.0 MPH)
|
|
Batting: RHB Michael Ventress
|
0-0: Ground out 6-3 (Groundball, 6, EV 80.6 MPH)
|
|
Batting: RHB Glenn Goya
|
0-0: Ball 1-0: Ball 2-0: Called Strike 2-1: Ball 3-1: Foul Ball, location: 2F 3-2: Ground out 4-3 (Groundball, 34, EV 86.9 MPH)
|
| Top of the 9th over - 0 runs, 0 hits, 0 errors, 0 left on base; Columbus 2 - Buffalo 7 |
|